 Dungeon Crawl Stone Soup version 0.18.1-8-gdd0e5ea (webtiles) character file.

198 Chiseanne the Vandal (level 5, -3/27 HPs)
             Began as a Spriggan Hunter on May 21, 2016.
             Killed by divine providence
             ... invoked by an orc priest
              (15 damage)
             ... on level 6 of the Dungeon.
             The game lasted 00:06:13 (2760 turns).

Chiseanne the Vandal (Spriggan Hunter)              Turns: 2760, Time: 00:06:14

Health: -3/27      AC:  6    Str:  6 (8)  XL:     5   Next: 47%
Magic:  6/6        EV: 23    Int: 10 (13) God:
Gold:   89         SH:  0    Dex: 16 (17) Spells: 0 memorised, 4 levels left

rFire  . . .     SeeInvis +     a - +1 dagger (venom)
rCold  . . .     Gourm    .     c - +1 robe
rNeg   . . .     Faith    .     (shield restricted)
rPois  .         Spirit   .     (helmet restricted)
rElec  .         Dismiss  .     e - +2 cloak
rCorr  .         Reflect  .     (gloves unavailable)
SustAt .         Harm     .     (boots unavailable)
MR     .....                    (no amulet)
Stlth  ++........               (no ring)
                                r - +3 ring of evasion

@: drained, very quick, not resistant to hostile enchantments, unstealthy
A: unfitting armour, see invisible, herbivore 3, speed 3, slow metabolism 2
a: no special abilities


You were on level 6 of the Dungeon.
You were full.

You visited 1 branch of the dungeon, and saw 5 of its levels.

You collected 89 gold pieces.

Inventory:

Hand Weapons
 a - a +1 dagger of venom (weapon)
 s - a +1 short sword of electrocution
 w - a +1 hunting sling
Missiles
 d - 59 sling bullets
 i - 89 stones (quivered)
 o - 28 arrows
 p - 27 poisoned needles
Armour
 c - a +1 robe (worn)
 e - a +2 cloak (worn)
Jewellery
 r - a +3 ring of evasion (left hand)
Scrolls
 g - a scroll of amnesia
 h - 2 scrolls of remove curse
 l - a scroll of identify
 m - a scroll of enchant weapon {unknown}
 n - 4 scrolls of teleportation
Potions
 j - a potion of curing
 k - 3 potions of lignification
 q - 2 potions of flight
 t - a potion of invisibility
Comestibles
 b - 2 slices of pizza
 f - 4 bread rations


   Skills:
 * Level 2.7(2.5) Fighting
 * Level 6.1(5.9) Slings
 * Level 5.1(4.9) Dodging
 + Level 3.0(2.8) Stealth


You had 4 spell levels left.
You didn't know any spells.

Dungeon Overview and Level Annotations

Branches:
Dungeon (4/15)
 Temple: D:4-7

Altars:
Elyvilon
Kikubaaqudgha
Pakellas
Qazlal
Xom


Innate Abilities, Weirdness & Mutations

You are tiny and cannot use many weapons and most armour.
You have supernaturally acute eyesight.
You are a herbivore.
You cover ground extremely quickly.
You need consume almost no food.


Message History

Your base Dodging skill increases to level 5!
Your base Stealth skill increases to level 3!
You feel your dexterity returning.
An orc and an orc warrior come into view.
An orc priest comes into view. It is wielding a mace.
The orc priest shouts!
The orc hits you.
You closely miss the orc.
The orc warrior shouts!
The orc completely misses you.
The orc priest mumbles some strange prayers to Beogh against you.
Beogh smites you!
You hit the orc.
The orc is poisoned.
The orc is heavily wounded.
The orc closely misses you.
You kill the orc!
The orc priest invokes the aid of Beogh against you.
Beogh smites you!
Ouch! That really hurt!
You die...

#.# #.# #.#
#.# #.#
#.##########
#.#
#..........#
#.#
##########.#
#.# #.# #.#
#.# ..#
##.#########
###
#...@..†.oo#
#..#######.#
#..# #..#
#..# #...
#.## #.


You could see an orc warrior and an orc priest.

Vanquished Creatures
  A hound (D:6)
  An orc priest (D:3)
  3 gnolls (D:2)
  3 adders
  An ooze (D:2)
  A worm (D:2)
  3 giant geckos
  8 orcs
  6 giant cockroaches
  3 goblins
  5 hobgoblins
  3 jackals (D:2)
  3 quokkas
  7 bats
  5 giant newts
  3 kobolds
  9 rats
65 creatures vanquished.

Notes
Turn   | Place    | Note
--------------------------------------------------------------
     0 | D:1      | Chiseanne the Spriggan Hunter began the quest for the Orb.
     0 | D:1      | Reached XP level 1. HP: 10/10 MP: 2/2
   276 | D:1      | Reached skill level 5 in Slings
   363 | D:1      | Reached XP level 2. HP: 15/15 MP: 3/3
   775 | D:2      | Reached XP level 3. HP: 18/18 MP: 4/4
   804 | D:2      | Found an oddly glowing altar of Pakellas.
  1128 | D:2      | Reached XP level 4. HP: 16/23 MP: 5/5
  1283 | D:2      | Found a stormy altar of Qazlal.
  1927 | D:3      | Reached XP level 5. HP: 26/27 MP: 6/6
  2127 | D:3      | Found a shimmering altar of Xom.
  2402 | D:4      | You fall through a shaft for 2 floors!
  2402 | D:6      | Found a white marble altar of Elyvilon.
  2654 | D:6      | Found an ancient bone altar of Kikubaaqudgha.
  2732 | D:6      | Reached skill level 6 in Slings
  2732 | D:6      | Reached skill level 5 in Dodging
  2752 | D:6      | Noticed an orc warrior
  2760 | D:6      | Killed from afar by an orc priest

Skill      XL: |  1  2  3  4  5 |
---------------+----------------+-----
Stealth        | 2 3 |  3.0
Slings         | 5 6 |  6.1
Dodging        | 4 5 |  5.1
Fighting       | 2 |  2.7

Action                   |  1- 3 |  4- 6 || total
-------------------------+-------+-------++-------
Melee: Short sword       |       |    18 ||    18
       Dagger            |       |    26 ||    26
 Fire: Hunting sling     |    94 |    42 ||   136
  Use: Potion            |     7 |     2 ||     9
       Scroll            |     6 |     3 ||     9
 Stab: Distracted        |       |     2 ||     2
       Sleeping          |       |     4 ||     4
  Eat: Fruit             |       |     3 ||     3
       Royal jelly       |       |     1 ||     1
Armor: Robe              |     2 |    11 ||    13
Dodge: Dodged            |    17 |    35 ||    52
